 Dungeon Crawl Stone Soup version 0.21-a0-476-gd103f4b (webtiles) character file.

515 exp172 the Firebug (level 6, -2/47 HPs)
             Began as a Demigod Fire Elementalist on Nov 22, 2017.
             Killed from afar by a white imp (10 damage)
             ... with a puff of frost
             ... summoned by Eustachio
             ... on level 4 of the Dungeon.
             The game lasted 00:31:49 (4358 turns).

exp172 the Firebug (Demigod Fire Elementalist)      Turns: 4358, Time: 00:31:49

Health: -2/47      AC:  3    Str: 11    XL:     6   Next: 67%
Magic:  13/13      EV: 13    Int: 23    God:
Gold:   149        SH:  0    Dex: 16    Spells: 5/11 levels left

rFire    . . .     SeeInvis .   o - +1 short sword (venom)
rCold    . . .     Gourm    .   (no shield)
rNeg     . . .     Faith    .   i - +0 robe
rPois    .         Spirit   .   l - +0 helmet
rElec    .         Reflect  .   (no cloak)
rCorr    .         Harm     .   (no gloves)
MR       .....                  (no boots)
Stlth    ++........             (no amulet)
HPRegen  0.15/turn              g - ring of flight
MPRegen  0.13/turn              (no ring)

@: no status effects
A: high mp 1
a: Evoke Flight


You were on level 4 of the Dungeon.
You were not hungry.

You visited 1 branch of the dungeon, and saw 4 of its levels.

You collected 149 gold pieces.

Inventory:

Hand Weapons
 a - a cursed -3 dagger
 d - a +0 whip
 o - a +1 short sword of venom (weapon)
Missiles
 c - 20 stones (quivered)
 j - 79 arrows
Armour
 i - a +0 robe (worn)
 k - a +0 robe
 l - a +0 helmet (worn)
Jewellery
 g - a ring of flight (left hand)
Scrolls
 f - 2 scrolls of teleportation
 h - a scroll of enchant armour {unknown}
 m - a scroll of remove curse
 n - a scroll of identify {unknown}
Potions
 e - a potion of flight {unknown}
 p - a potion of degeneration {unknown}
 q - a potion of cancellation {unknown}
Books
 b - a book of Flames

   Spells                             Type                      Level
   a - Flame Tongue                   Conjuration/Fire             1
   b - Throw Flame                    Conjuration/Fire             2
   c - Conjure Flame                  Conjuration/Fire             3
   d - Inner Flame                    Hexes/Fire                   3
   e - Sticky Flame                   Conjuration/Fire             4
   f - Fireball                       Conjuration/Fire             5
Comestibles
 r - a chunk of flesh


   Skills:
 + Level 1.0 Fighting
 + Level 1.8 Short Blades
 + Level 0.7 Maces & Flails
 + Level 0.1 Throwing
 + Level 2.8 Dodging
 + Level 2.2 Stealth
 + Level 3.1 Spellcasting
 * Level 2.9 Conjurations
 * Level 4.4 Fire Magic


You had 5 spell levels left.
You knew the following spells:

 Your Spells              Type           Power        Failure   Level  Hunger
a - Flame Tongue          Conj/Fire      ###..        2%          1    None
b - Throw Flame           Conj/Fire      ###...       3%          2    ##.....
c - Conjure Flame         Conj/Fire      ###.....     8%          3    ###....


Dungeon Overview and Level Annotations

Branches:
Dungeon (4/15)
 Temple: D:4-7

Annotations:
D:4 Eustachio


Innate Abilities, Weirdness & Mutations

You have an increased reservoir of magic. (+10% MP)


Message History

You hit the shadow imp.
The shadow imp is moderately wounded.
The white imp gestures at you. The puff of frost hits you!
The shadow imp gestures at you. Pain shoots through your body!
You hit the shadow imp but do no damage.
The shadow imp is moderately wounded.
The ufetubus disappears in a puff of smoke!
The white imp gestures at you. The puff of frost hits you!
* * * LOW HITPOINT WARNING * * *
The shadow imp closely misses you.
You hit the shadow imp.
The shadow imp is heavily wounded.
The white imp misses you.
You closely miss the iron imp. The white imp gestures at you.
The puff of frost hits you!
You die...

# #.# ### ##... ...
.=#.?...##.###
..#......5...#
?.@....##@#.#
#..)..##5#.#
#......5@#.#
#####.#.##.#.#
<..........#.#
.####........#
#####
........########
#..>#
....##.........#
###...#
.##......####.(####
#......


You could see Eustachio, an iron imp, a white imp and a shadow imp.

Vanquished Creatures
  The ghost of p0werm0de the Sneak, an amateur OpAM (D:4)
  An ogre (D:3)
  A scorpion (D:4)
  An iguana (D:3)
  3 worker ants
  7 adders
  3 worms (D:3)
  A dart slug (D:2)
  6 leopard geckos
  6 giant cockroaches
  6 goblins
  8 hobgoblins
  10 jackals
  7 kobolds
  A quokka (D:3)
  13 bats
  2 frilled lizards
  A leopard gecko skeleton (D:4)
  9 rats
87 creatures vanquished.

Notes
Turn   | Place    | Note
-------+----------+-------------------------------------------
     0 | D:1      | exp172 the Demigod Fire Elementalist began the quest for the Orb.
     0 | D:1      | Reached XP level 1. HP: 14/14 MP: 5/5
    91 | D:1      | Reached skill level 3 in Fire Magic
   366 | D:1      | Reached XP level 2. HP: 14/20 MP: 0/7
   368 | D:1      | Reached skill level 1 in Conjurations
  1136 | D:1      | Reached XP level 3. HP: 27/27 MP: 6/8
  1349 | D:2      | Learned a level 2 spell: Throw Flame
  1763 | D:2      | Reached XP level 4. HP: 6/34 MP: 1/10
  2391 | D:3      | Noticed an ogre
  2678 | D:3      | Learned a level 3 spell: Conjure Flame
  3039 | D:3      | Reached XP level 5. HP: 39/39 MP: 8/11
  3178 | D:3      | Killed an ogre
  3178 | D:3      | Reached skill level 1 in Short Blades
  3178 | D:3      | Reached skill level 4 in Fire Magic
  3791 | D:4      | Reached XP level 6. HP: 46/46 MP: 6/13
  4127 | D:4      | Noticed p0werm0de's ghost (amateur OpAM)
  4155 | D:4      | Killed p0werm0de's ghost
  4155 | D:4      | Reached skill level 1 in Fighting
  4332 | D:4      | Noticed Eustachio
  4358 | D:4      | Killed from afar by a white imp

Vault maps used:
D:1:      lightli_arrival_boilingwater
D:2:      nicolae_underground_beach
D:3:      dk_noncrumbling_2
D:4:      okawaru_altar_gauntlet_db, first_bread, minmay_misc_feat_tiny,
          uniq_eustachio

Skill      XL: |  1  2  3  4  5  6 |
---------------+-------------------+-----
Fire Magic     | 3 4 |  4.4
Conjurations   | 1 2 |  2.9
Spellcasting   | 2 3 |  3.1
Dodging        | 2 |  2.8
Short Blades   | 1 |  1.8
Stealth        | 2 |  2.2
Fighting       | 1 |  1.0
Maces & Flails | |  0.7
Throwing       | |  0.1

Action                   |  1- 3 |  4- 6 || total
-------------------------+-------+-------++-------
Melee: Whip              |    55 |       ||    55
       Unarmed           |     3 |       ||     3
       Short sword       |    11 |    52 ||    63
Throw: Stone             |     3 |    10 ||    13
 Cast: Flame Tongue      |    62 |    25 ||    87
       Throw Flame       |     9 |    49 ||    58
       Conjure Flame     |       |     7 ||     7
  Use: Scroll            |     2 |       ||     2
  Eat: Bread ration      |     1 |     1 ||     2
       Chunk             |       |     6 ||     6
Armor: Robe              |    21 |    32 ||    53
Dodge: Dodged            |    82 |   119 ||   201

Table legend:
 A = Spawn XP
 B = Non-spawn XP
 C = Spawn XP percentage of total XP
 D = Spawn monster count
 E = Non-spawn monster count
 F = Spawn count percentage of total count
 G = Total turns spent on level
                    A         B        C        D         E        F      G
               +---------+---------+-------+---------+---------+-------+---------
         Total |       0 |     737 |   0.0 |       0 |      87 |   0.0 |  4358
               +---------+---------+-------+---------+---------+-------+---------
           D:1 |       0 |      48 |   0.0 |       0 |      30 |   0.0 |  1253
           D:2 |       0 |     113 |   0.0 |       0 |      22 |   0.0 |  1161
           D:3 |       0 |     244 |   0.0 |       0 |      26 |   0.0 |  1314
           D:4 |       0 |     332 |   0.0 |       0 |       9 |   0.0 |   630
               +---------+---------+-------+---------+---------+-------+---------
